 Dungeon Crawl Stone Soup version 0.21.1-1-g345015fe64 (webtiles) character file.

135935 Delanovic the Unseen (level 16, -5/85 HPs)
             Began as a Spriggan Enchanter on May 25, 2018.
             Was an Initiate of Gozag.
             Killed from afar by a hellion (18 damage)
             ... with damnation
             ... on level 1 of the Depths on May 26, 2018.
             The game lasted 02:27:27 (39991 turns).

Delanovic the Unseen (Spriggan Enchanter)          Turns: 39991, Time: 02:27:28

Health: -5/85      AC:  4    Str:  4    XL:     16   Next: 65%
Magic:  0/44       EV: 34    Int: 22    God:    Gozag
Gold:   7273       SH:  8    Dex: 25    Spells: 24/44 levels left

rFire    . . .     SeeInvis +   a - +5 dagger (venom)
rCold    . . .     Gourm    .   X - +2 buckler
rNeg     . . .     Faith    .   y - +2 robe
rPois    .         Spirit   +   (helmet restricted)
rElec    .         Reflect  .   (no cloak)
rCorr    .         Harm     .   (gloves unavailable)
MR       ++...                  (boots unavailable)
Stlth    ++++++++..             I - amulet of guardian spirit
HPRegen  0.24/turn              S - +5 ring of dexterity
MPRegen  0.29/turn              n - ring of magical power

@: studying Dodging, very quick
A: very small, unfitting armour, horns 1, see invisible, agile 1, herbivore,
speed 3, slow metabolism 2
a: Potion Petition, Call Merchant, Bribe Branch, Renounce Religion


You were on level 1 of the Depths.
You worshipped Gozag.
Gozag was greatly pleased with you.
You were not hungry.

You visited 5 branches of the dungeon, and saw 26 of its levels.

You collected 8842 gold pieces.
You spent 1508 gold pieces at shops.
You paid 61 gold pieces to Gozag.

Inventory:

Hand Weapons
 a - a +5 dagger of venom (weapon)
 b - the +2 hand crossbow of the Dark Horse {velocity, MR++ MP+9}
   (You bought it in a shop on level 11 of the Dungeon)

   Any bolt fired from it inflicts extra damage.
   It affects your resistance to hostile enchantments.
   It affects your magic capacity (+9).
 G - a +1 rapier of draining
Missiles
 w - 295 bolts
Armour
 y - a +2 robe (worn)
 A - a +2 robe of cold resistance
 X - a +2 buckler (worn)
Jewellery
 k - an uncursed ring of protection from cold
 n - a ring of magical power (right hand)
 E - an uncursed ring of protection from fire
 I - an amulet of guardian spirit (around neck)
 L - an uncursed ring of magical power
 S - a +5 ring of dexterity (left hand)
 V - the ring "Fuor" {*Drain +Fly MR+++ Str+4}
   (You took it off a wight on level 12 of the Dungeon)

   [ring of strength]

   It affects your strength (+4).
   It affects your resistance to hostile enchantments.
   It lets you fly.
   It causes draining when unequipped.
 W - an uncursed ring of wizardry
Wands
 B - a wand of acid (26)
 D - a wand of disintegration (16)
 F - a wand of clouds (8)
 J - a wand of random effects (46)
 K - a wand of paralysis (23)
 Z - a wand of iceblast (9)
Scrolls
 f - 3 scrolls of identify
 g - 4 scrolls of magic mapping
 i - 11 scrolls of remove curse
 j - 5 scrolls of amnesia
 l - 6 scrolls of fear
 q - 2 scrolls of enchant armour
 v - 4 scrolls of blinking
 H - 11 scrolls of teleportation
 M - a scroll of silence
 N - a scroll of holy word
 T - 5 scrolls of enchant weapon
 U - 2 scrolls of fog
Potions
 e - 5 potions of flight
 m - 10 potions of curing
 o - 3 potions of invisibility
 p - 2 potions of resistance
 s - a potion of ambrosia
 t - 2 potions of haste
 u - a potion of magic
 x - 3 potions of heal wounds
 z - 2 potions of mutation
 P - 3 potions of agility
 Q - a potion of brilliance
 R - 5 potions of might
Books
 c - a book of Maledictions

   Spells                             Type                      Level
   a - Corona                         Hexes                        1
   b - Ensorcelled Hibernation        Hexes/Ice                    2
   c - Confuse                        Hexes                        3
   d - Tukima's Dance                 Hexes                        3
   e - Dazzling Spray                 Conjuration/Hexes            3
 h - a manual of Dodging
 r - a book of Misfortune

   Spells                             Type                      Level
   a - Confusing Touch                Hexes                        1
   b - Confuse                        Hexes                        3
   c - Gell's Gravitas                Translocation                3
   d - Petrify                        Transmutation/Earth          4
   e - Metabolic Englaciation         Hexes/Ice                    5
   f - Yara's Violent Unravelling     Hexes/Transmutation          5
Comestibles
 d - 31 rations


   Skills:
 + Level 10.0 Fighting
 - Level 9.3 Short Blades
 - Level 8.1 Crossbows
 + Level 6.1 Armour
 + Level 15.5 Dodging
 + Level 19.1 Stealth
 + Level 14.8 Spellcasting
 + Level 15.3 Hexes


You had 24 spell levels left.
You knew the following spells:

 Your Spells              Type           Power        Failure   Level  Hunger
a - Corona                Hex            ######.      0%          1    None
b - Ensorcelled Hibernat  Hex/Ice        ######       1%          2    None
c - Confuse               Hex            ######..     1%          3    None
d - Dazzling Spray        Conj/Hex       ######       1%          3    None
e - Tukima's Dance        Hex            ######..     1%          3    None
f - Gell's Gravitas       Tloc           ###.......   19%         3    None
g - Yara's Violent Unrav  Hex/Tmut       ######....   7%          5    ###....


Dungeon Overview and Level Annotations

Branches:
Dungeon (15/15)            Temple (1/1) D:4            Lair (5/6) D:10
  Swamp (0/4) Lair:4        Snake (4/4) Lair:4        Slime (0/5) Lair:5
    Orc (0/2) D:12         Vaults (0/5) D:13         Depths (1/5) D:15

Altars:
Ashenzari
Dithmenos
Elyvilon
Fedhas
Gozag
Hepliaklqana
Kikubaaqudgha
Makhleb
Okawaru
Qazlal
Ru
Sif Muna
Trog
Vehumet
Wu Jian
Xom
The Shining One
Jiyva

Shops:
D:11 ((   D:15 (   Snake:1 ?   Snake:3 **!

Annotations:
D:12 3 runed doors


Innate Abilities, Weirdness & Mutations

You are very small and have problems with some larger weapons.
You are too small for most types of armour.
You have supernaturally acute eyesight. (SInv)
You are a herbivore.
You cover ground extremely quickly.
You need consume almost no food.
You have a pair of small horns on your head.
You are agile. (Dex +2)


Message History

Something shouts, "Back with thee, thou fulsome swag-bellied half-meal!"
You hear a shout!
The hellion gestures at you.
The sphere of damnation explodes!
The damnation engulfs you!
Something shouts, "Slither hence, thou wayward miscreant bite-bait!"
You hear an angry growl.
You see here 13 gold pieces.
You see here a stone.
The hellion gestures at you.
The sphere of damnation explodes!
The damnation engulfs you!
You hear an angry buzzing noise.
The hellion gestures at you.
The sphere of damnation explodes!
The damnation engulfs you!
* * * LOW HITPOINT WARNING * * *
A red devil comes into view.
It is wielding an antimagic demon trident.
There is an open door here.
The hellion gestures at you.
The sphere of damnation explodes!
The damnation engulfs you!
You die...
Your body crumbles into a pile of gold.

... $ #... #.. ## #..+#
#. #.#.# #.# #. #...
#.# #4######.+#####
####.# #2$(..'......#
#....#+########@.....#
#....................#
##........#####.......#
##........'.###.......#
.'........#...'.......+
##........#####.......#
########## #.......#
#.......# #########


You could see a hellion and a red devil.

Vanquished Creatures
  Saint Roka (Depths:1)
  Frances (Snake:2)
  A storm dragon (D:14)
  2 nagarajas
  A frost giant (Depths:1)
  A stone giant (D:15)
  Azrael (D:12)
  Nessos (Lair:5)
  3 spark wasps
  A deep elf annihilator (D:15)
  2 fire dragons
  Snorg (Lair:4)
  4 naga warriors
  An ice dragon (D:15)
  A catoblepas (Lair:5)
  10 hydras
  7 centaur warriors
  Erica (D:11)
  11 two-headed ogres
  11 anacondas
  2 tengu warriors
  12 naga sharpshooters
  2 ogre magi
  Nergalle (D:11)
  2 shock serpents
  A salamander mystic (Snake:2)
  A skeletal warrior (D:13)
  The ghost of teofil the Digger, a novice GrEE of Sif Muna (D:7)
  An orange crystal statue (D:12)
  6 unseen horrors
  4 naga ritualists
  Pikel (D:9)
  2 orc knights
  The ghost of HessuHobo the Sharpshooter, a novice CeHu of Okawaru (D:5)
  A wolf spider (D:12)
  3 oklob plants (Lair:1)
  16 ugly things
  9 salamanders
  2 deep elf magi
  A manticore (D:15)
  9 mana vipers
  3 cyclopes
  2 centaur zombies
  4 naga magi
  18 black mambas
  4 elephants (Lair:5)
  The ghost of Chudej the Thaumaturge, a novice DECj of Sif Muna (D:6)
  2 guardian serpents (Snake:4)
  6 spiny frogs
  An orange demon (Depths:1)
  3 gargoyles
  3 kobold demonologists (D:15)
  5 yaktaurs (D:15)
  An efreet (D:14)
  3 komodo dragons
  A komodo dragon (shapeshifter) (D:13)
  2 redback zombies (D:15)
  A freezing wraith (D:15)
  A rime drake (Lair:2)
  A red devil (Depths:1)
  A queen bee (D:9)
  7 trolls
  Grinder (D:5)
  A polar bear (Lair:5)
  4 hornets
  A harpy skeleton (D:14)
  14 blink frogs
  7 hippogriffs
  A meliai zombie (D:12)
  7 slime creatures
  A shadow (D:11)
  38 yaks
  A centaur simulacrum (D:15)
  2 wraiths
  3 wyverns
  3 fire elementals
  3 hungry ghosts
  3 basilisks
  2 vampire mosquitoes (D:13)
  Menkaure (D:4)
  20 nagas
  13 water moccasins
  7 hell hounds
  7 porcupines
  Duvessa (D:5)
  4 slaves (D:9)
  2 ice beasts (D:9)
  11 orc warriors
  16 ogres
  4 sky beasts
  A necrophage (D:5)
  3 wolves (Lair:2)
  An eye of draining (D:14)
  4 phantoms
  17 centaurs
  10 crocodiles
  2 big kobolds
  Blork the orc (D:5)
  2 gnoll sergeants
  19 bullfrogs
  A wyvern zombie (D:14)
  Dowan (D:5)
  2 wyvern skeletons
  6 scorpions
  23 killer bees
  18 wights
  2 electric eels (D:6)
  7 howler monkeys
  4 crimson imps
  A bullfrog zombie (D:11)
  A quasit (Depths:1)
  9 hounds
  5 jellies
  4 bullfrog skeletons
  6 centaur skeletons
  12 orc priests
  19 orc wizards
  An iron imp (Depths:1)
  6 iguanas
  5 hell rats (Lair:5)
  16 worker ants
  A hound zombie (D:6)
  A hound skeleton (D:7)
  2 worker ant zombies
  10 gnolls
  2 howler monkey skeletons
  18 adders
  2 shadow imps
  An ooze (D:5)
  2 adder skeletons (D:4)
  A worm (D:5)
  2 dart slugs
  5 leopard geckos
  77 orcs
  5 giant cockroaches
  6 goblins
  5 hobgoblins
  21 jackals
  18 kobolds
  6 quokkas
  4 ball pythons
  8 bats
  7 frilled lizards
  A leopard gecko skeleton (D:4)
  A leopard gecko zombie (D:5)
  2 quokka zombies
  5 rats
  2 bushes (Lair:1)
  2 plants (Lair:1)
814 creatures vanquished.

Vanquished Creatures (collateral kills)
  A naga warrior (Snake:2)
  A two-headed ogre (D:10)
  7 nagas
  A porcupine (Lair:4)
  2 ogres
  A killer bee (D:9)
  An orc (D:12)
14 creatures vanquished.

Vanquished Creatures (others)
  3 dancing weapons
  3 yaks (D:12)
  A bullfrog zombie (D:12)
  A jelly (D:12)
  An adder (Lair:4)
  A fungus (Lair:4)
  A plant (Lair:5)
11 creatures vanquished.

Grand Total: 839 creatures vanquished

Notes
Turn   | Place    | Note
-------+----------+-------------------------------------------
     0 | D:1      | Delanovic the Spriggan Enchanter began the quest for the Orb.
     0 | D:1      | Reached XP level 1. HP: 9/9 MP: 5/5
   278 | D:1      | Reached XP level 2. HP: 13/13 MP: 5/7
   292 | D:1      | Learned a level 2 spell: Ensorcelled Hibernation
   353 | D:1      | Found a radiant altar of Vehumet.
   376 | D:1      | Reached skill level 5 in Stealth
   629 | D:1      | Reached XP level 3. HP: 14/16 MP: 5/8
   940 | D:2      | Found a shadowy altar of Dithmenos.
  1804 | D:2      | Found a stormy altar of Qazlal.
  2276 | D:3      | Learned a level 3 spell: Confuse
  2280 | D:3      | Learned a level 3 spell: Dazzling Spray
  2452 | D:3      | Reached XP level 4. HP: 21/21 MP: 3/11
  2605 | D:3      | Reached skill level 6 in Stealth
  2939 | D:3      | Reached XP level 5. HP: 19/24 MP: 7/12
  2943 | D:3      | Reached skill level 5 in Hexes
  4071 | D:4      | Reached skill level 7 in Stealth
  4071 | D:4      | Reached skill level 5 in Spellcasting
  4071 | D:4      | Reached XP level 6. HP: 28/28 MP: 14/14
  4643 | D:4      | Noticed a hippogriff
  4686 | D:4      | Killed a hippogriff
  4686 | D:4      | Reached skill level 8 in Stealth
  4686 | D:4      | Reached XP level 7. HP: 19/32 MP: 0/17
  4821 | D:4      | Found a sacrificial altar of Ru.
  5101 | D:4      | Found a deep blue altar of Sif Muna.
  5101 | D:4      | Found a hazy altar of Hepliaklqana.
  5142 | D:4      | Noticed Menkaure
  5162 | D:4      | Killed Menkaure
  5260 | D:4      | Found a staircase to the Ecumenical Temple.
  5280 | Temple   | Entered the Ecumenical Temple
  5348 | Temple   | Became a worshipper of Gozag Ym Sagoz the Greedy
  5601 | D:5      | Entered Level 5 of the Dungeon
  5604 | D:5      | Noticed HessuHobo's ghost (novice CeHu)
  5630 | D:5      | Killed HessuHobo's ghost
  5630 | D:5      | Reached skill level 5 in Dodging
  5630 | D:5      | Reached skill level 9 in Stealth
  5630 | D:5      | Reached XP level 8. HP: 32/36 MP: 10/19
  5767 | D:5      | Noticed Blork the orc
  5778 | D:5      | Killed Blork the orc
  5854 | D:5      | Noticed Duvessa
  5928 | D:5      | Reached skill level 10 in Stealth
  6155 | D:5      | Noticed Dowan
  6161 | D:5      | Noticed Grinder
  6169 | D:5      | Killed Duvessa
  6169 | D:5      | Reached XP level 9. HP: 39/39 MP: 12/21
  6184 | D:5      | Killed Dowan
  6291 | D:5      | Killed Grinder
  7014 | D:5      | Learned a level 3 spell: Tukima's Dance
  7512 | D:6      | Reached skill level 5 in Short Blades
  7606 | D:6      | Reached skill level 1 in Fighting
  7674 | D:6      | Noticed Chudej's ghost (novice DECj)
  7699 | D:6      | Killed Chudej's ghost
  7699 | D:6      | Reached skill level 11 in Stealth
  7862 | D:6      | Found an ornate altar of the Wu Jian Council.
  8857 | D:7      | Noticed teofil's ghost (novice GrEE)
  9012 | D:7      | Killed teofil's ghost
  9012 | D:7      | Reached XP level 10. HP: 46/46 MP: 21/23
  9994 | D:7      | Learned a level 3 spell: Gell's Gravitas
 11181 | D:8      | Reached skill level 12 in Stealth
 12581 | D:9      | Reached skill level 10 in Hexes
 12869 | D:9      | Noticed Pikel
 12907 | D:9      | Killed Pikel
 12907 | D:9      | Reached XP level 11. HP: 51/53 MP: 19/25
 12986 | D:9      | Reached skill level 10 in Spellcasting
 13193 | D:9      | Found a white marble altar of Elyvilon.
 13205 | D:9      | Found a shattered altar of Ashenzari.
 13587 | D:10     | Entered Level 10 of the Dungeon
 13594 | D:10     | Gained mutation: You are dopey. (Int -2) [potion of mutation]
 13594 | D:10     | Lost mutation: You are dopey. (Int -2) [potion of mutation]
 13594 | D:10     | Gained mutation: You can translocate small distances at will. [potion of mutation]
 13596 | D:10     | Identified a scroll of acquirement
 13809 | D:10     | Found a shimmering altar of Xom.
 13830 | D:10     | Found a white marble altar of Elyvilon.
 13830 | D:10     | Noticed an unseen horror
 13833 | D:10     | Killed an unseen horror
 13833 | D:10     | Reached skill level 10 in Dodging
 13865 | D:10     | Found a staircase to the Lair.
 13964 | D:10     | Reached skill level 13 in Stealth
 14475 | D:10     | Noticed a purple ugly thing
 14486 | D:10     | Killed a purple ugly thing
 14759 | D:10     | Noticed a two-headed ogre
 14776 | D:10     | Killed a two-headed ogre
 15232 | D:11     | Noticed a two-headed ogre
 15233 | D:11     | Noticed Erica
 15234 | D:11     | Noticed Nergalle
 15256 | D:11     | Killed Erica
 15348 | D:11     | Noticed a two-headed ogre
 15348 | D:11     | Noticed an ogre mage
 15348 | D:11     | Noticed a two-headed ogre
 15348 | D:11     | Noticed a two-headed ogre
 15348 | D:11     | Noticed a two-headed ogre
 15349 | D:11     | Noticed a two-headed ogre
 15405 | D:11     | Killed a two-headed ogre
 15405 | D:11     | Reached skill level 5 in Fighting
 15827 | D:11     | Killed a two-headed ogre
 15963 | D:11     | Found Laitet's Weapon Shoppe.
 15971 | D:11     | Bought the cursed +2 hand crossbow of the Dark Horse {velocity, MR++ MP+9} for 697 gold pieces
 16138 | D:11     | Reached XP level 12. HP: 60/60 MP: 27/27
 16419 | D:11     | Killed a two-headed ogre
 16429 | D:11     | Killed a two-headed ogre
 16429 | D:11     | Reached skill level 1 in Crossbows
 16534 | D:11     | Killed an ogre mage
 16534 | D:11     | Reached skill level 14 in Stealth
 16720 | D:11     | Killed a two-headed ogre
 16759 | D:11     | Killed a two-headed ogre
 16883 | D:11     | Killed Nergalle
 16934 | D:11     | Found Meomuor's Antique Weapon Shoppe.
 17380 | D:12     | Noticed Azrael
 17914 | D:12     | Noticed a two-headed ogre
 17916 | D:12     | Noticed a two-headed ogre
 17926 | D:12     | Noticed an eight-headed hydra
 17940 | D:12     | Killed an eight-headed hydra
 17941 | D:12     | Killed a two-headed ogre
 17992 | D:12     | Killed a two-headed ogre
 18417 | D:12     | Noticed a centaur warrior
 18449 | D:12     | Killed a centaur warrior
 18604 | D:12     | Reached skill level 15 in Stealth
 18604 | D:12     | Reached XP level 13. HP: 65/65 MP: 29/29
 19067 | D:12     | Found a runed door.
 19448 | D:12     | Got a bound gossamer ring
 19716 | D:12     | Found a staircase to the Orcish Mines.
 19896 | D:12     | Killed Azrael
 20217 | D:12     | Found a runed door.
 20227 | D:12     | Found a runed door.
 20238 | D:12     | Found a runed door.
 21156 | D:13     | Reached skill level 5 in Crossbows
 22592 | D:13     | Identified the ring "Fuor" {*Drain +Fly MR+++ Str+4} (You took it off a wight on level 12 of the Dungeon)
 22699 | D:13     | Reached skill level 16 in Stealth
 23131 | D:13     | Found a gate to the Vaults.
 24058 | D:14     | Reached skill level 1 in Armour
 24058 | D:14     | Reached XP level 14. HP: 72/72 MP: 28/31
 24203 | D:14     | Learned a level 5 spell: Yara's Violent Unravelling
 24960 | D:15     | Entered Level 15 of the Dungeon
 25243 | D:15     | Lost mutation: You can translocate small distances at will. [potion of mutation]
 25243 | D:15     | Gained mutation: You occasionally shout uncontrollably at your foes. [potion of mutation]
 25243 | D:15     | Gained mutation: You are surrounded by a mild repulsion field. (EV +2) [potion of mutation]
 25667 | D:15     | Lost mutation: You occasionally shout uncontrollably at your foes. [potion of mutation]
 25667 | D:15     | Lost mutation: You are surrounded by a mild repulsion field. (EV +2) [potion of mutation]
 25667 | D:15     | Gained mutation: You have a pair of small horns on your head. [potion of mutation]
 25667 | D:15     | Gained mutation: You are agile. (Dex +2) [potion of mutation]
 25750 | D:15     | Noticed a stone giant
 25835 | D:15     | Found Soasch's Antique Weapon Emporium.
 25971 | D:15     | Bought a glowing dagger for 150 gold pieces
 26360 | D:15     | Found a staircase to the Depths.
 26378 | D:15     | Reached skill level 17 in Stealth
 26447 | D:15     | Noticed a storm dragon
 27224 | Lair:1   | Entered Level 1 of the Lair of Beasts
 27773 | Lair:1   | Found a blossoming altar of Fedhas.
 29859 | Lair:4   | Found a staircase to the Snake Pit.
 30064 | Lair:4   | Noticed Snorg
 30083 | Lair:4   | Killed Snorg
 30443 | Lair:4   | Found a staircase to the Swamp.
 30830 | Lair:5   | Reached XP level 15. HP: 78/78 MP: 33/33
 31348 | Lair:5   | Found a shimmering altar of Xom.
 31396 | Lair:5   | Noticed Nessos
 31441 | Lair:5   | Killed Nessos
 31582 | Lair:5   | Found a viscous altar of Jiyva.
 31583 | Lair:5   | Found a staircase to the Slime Pits.
 32087 | Snake:1  | Entered Level 1 of the Snake Pit
 32220 | Snake:1  | Found Taaw's Magic Scroll Boutique.
 32451 | Snake:1  | Bought a scroll of identify for 24 gold pieces
 32451 | Snake:1  | Bought a scroll of teleportation for 36 gold pieces
 32451 | Snake:1  | Bought a scroll of identify for 24 gold pieces
 32451 | Snake:1  | Bought a scroll of blinking for 90 gold pieces
 33704 | Snake:2  | Noticed Frances
 33899 | Snake:2  | Reached skill level 18 in Stealth
 34394 | Snake:2  | Killed Frances
 34601 | Snake:2  | Found a shadowy altar of Dithmenos.
 35367 | Snake:3  | Reached skill level 5 in Armour
 35495 | Snake:3  | Noticed a nagaraja
 35502 | Snake:3  | Killed a nagaraja
 36063 | Snake:3  | Found Wckuutud's Whimsical Warehouse.
 36111 | Snake:3  | Found Sampidul's Distillery.
 36115 | Snake:3  | Found Yris's Assorted Antiques.
 36119 | Snake:3  | Bought a potion of brilliance for 60 gold pieces
 36119 | Snake:3  | Bought a potion of resistance for 150 gold pieces
 36119 | Snake:3  | Bought a potion of heal wounds for 75 gold pieces
 36123 | Snake:3  | Bought a scroll of enchant armour for 202 gold pieces
 36222 | Snake:3  | Reached XP level 16. HP: 60/84 MP: 19/35
 36999 | Snake:4  | Entered Level 4 of the Snake Pit
 38314 | Snake:2  | Reached skill level 15 in Hexes
 38771 | D:14     | Killed a storm dragon
 39269 | D:15     | Reached skill level 15 in Dodging
 39532 | Depths:1 | Entered Level 1 of the Depths
 39532 | Depths:1 | Noticed Saint Roka
 39592 | Depths:1 | Reached skill level 19 in Stealth
 39607 | Depths:1 | Killed Saint Roka
 39800 | Depths:1 | Reached skill level 10 in Fighting
 39991 | Depths:1 | Killed from afar by a hellion

Skill      XL: |  1  2  3  4  5  6  7  8  9 10 11 12 13 14 15 16 |
---------------+-------------------------------------------------+-----
Spellcasting   | 3 4 5 6 7 8 9 10 11 12 13 14 | 14.8
Hexes          | 4 5 6 7 8 9 10 11 12 13 14 15 | 15.3
Stealth        | 5 6 7 8 9 10 11 12 13 15 16 17 18 19 | 19.1
Short Blades   | 3 4 5 7 8 9 |  9.3
Dodging        | 5 6 8 9 11 12 13 14 15 | 15.5
Fighting       | 2 3 5 6 7 8 9 10 | 10.0
Crossbows      | 4 6 7 8 |  8.1
Armour         | 1 3 5 6 |  6.1

Action                   |  1- 3 |  4- 6 |  7- 9 | 10-12 | 13-15 | 16-18 || total
-------------------------+-------+-------+-------+-------+-------+-------++-------
Melee: Dagger            |   137 |    70 |   236 |    70 |   525 |   174 ||  1212
       Short sword       |       |       |       |   513 |   537 |       ||  1050
       Headbutt          |       |       |       |       |   108 |    43 ||   151
 Fire: Hand crossbow     |       |       |       |    87 |   111 |     3 ||   201
 Cast: Corona            |     3 |       |       |       |       |       ||     3
       Ensorcelled Hiber |    34 |    46 |     8 |     7 |    17 |     5 ||   117
       Confuse           |       |     9 |   107 |   267 |   447 |   145 ||   975
       Dazzling Spray    |       |       |     3 |    52 |    83 |       ||   138
       Tukima's Dance    |       |       |       |     5 |    23 |     5 ||    33
       Yara's Violent Un |       |       |       |       |     5 |     2 ||     7
       Gell's Gravitas   |       |       |       |       |     1 |       ||     1
 Abil: Blink             |       |       |       |     2 |     2 |       ||     4
  Use: Scroll            |     1 |       |       |    16 |    15 |     1 ||    33
       Potion            |       |       |       |     4 |    10 |     5 ||    19
 Stab: Sleeping          |    30 |    23 |    10 |    35 |    80 |     7 ||   185
       Confused          |       |     5 |    62 |   141 |   243 |    60 ||   511
       Distracted        |       |       |     1 |     4 |     4 |       ||     9
       Invisible         |       |       |       |     3 |    10 |     5 ||    18
  Eat: Ration            |       |     2 |     3 |     5 |    10 |     2 ||    22
Armor: Robe              |    26 |     6 |     5 |    10 |    10 |     1 ||    58
Dodge: Dodged            |   110 |    57 |    77 |   271 |   467 |   111 ||  1093
Block: Buckler           |       |       |       |       |    76 |    46 ||   122
